 Dungeon Crawl Stone Soup version 0.28.0-53-g5a82cb258f (webtiles) character file.

Game seed: 5042536712301031969

1519 cbfl8 the Chopper (level 8, 0/66 (70) HPs)
             Began as a Minotaur Berserker on July 11, 2022.
             Was a Priest of Trog.
             Slain by a wight
             ... wielding a +2 falchion of electrocution
              (14 damage)
             ... on level 5 of the Dungeon.
             The game lasted 00:06:42 (5206 turns).

cbfl8 the Chopper (Minotaur Berserker)              Turns: 5206, Time: 00:06:43

HP:   0/66 (70)     AC: 12    Str: 22    XL:     8   Next: 54%
MP:   7/7           EV:  9    Int:  4    God:    Trog [***...]
Gold: 238           SH:  0    Dex: 12    Spells: 7/7 levels left

rFire   . . .      SeeInvis .   m - +4 quarterstaff (chaos)
rCold   . . .      Faith    .   (shield currently unavailable)
rNeg    . . .      Spirit   .   g - +0 chain mail
rPois   .          Reflect  .   (helmet restricted)
rElec   .          Harm     .   n - +0 cloak
rCorr   .          Rampage  .   (no gloves)
Will    .....                   t - +0 pair of boots
Stlth   ..........              (no amulet)
HPRegen 0.21/turn               (no ring)
MPRegen 0.10/turn               (no ring)

@: on berserk cooldown, slowed, drained, very slow
A: horns 2, retaliatory headbutt
a: Renounce Religion, Berserk, Trog's Hand


You were on level 5 of the Dungeon.
You worshipped Trog.
Trog was most pleased with you.
You visited 1 branch of the dungeon, and saw 5 of its levels.

You collected 238 gold pieces.

Inventory:

Hand Weapons
 m - a +4 quarterstaff of chaos (weapon)
 q - a +1 hand axe of flaming
Armour
 g - a +0 chain mail (worn)
 n - a +0 cloak (worn)
 r - a +0 buckler
 t - a +0 pair of boots (worn)
Jewellery
 c - an amulet of the acrobat
Scrolls
 a - 2 scrolls of blinking {unknown}
 b - a scroll of fog {unknown}
 i - 2 scrolls of amnesia
 l - 2 scrolls of immolation
 o - 2 scrolls of vulnerability
 p - a scroll of summoning {unknown}
 s - 2 scrolls of fear {unknown}
Potions
 d - 5 potions of curing
 e - 2 potions of attraction {unknown}
 f - a potion of heal wounds {unknown}
 h - a potion of might {unknown}
 j - a potion of magic {unknown}
 k - a potion of brilliance {unknown}


   Skills:
 + Level 6.3 Fighting
 + Level 7.6 Axes
 + Level 7.1 Staves
 + Level 6.0 Armour
 + Level 3.0 Dodging
 + Level 1.2 Stealth


You had 7 spell levels left.
You didn't know any spells.
Your spell library contained the following spells:

 Spells                   Type           Power      Damage    Failure   Level
 Apportation              Tloc           0%         N/A       99%         1
 Static Discharge         Conj/Air       0%         N/A       100%        2
 Dispel Undead            Necr           0%         3d6       100%        4
 Sticky Flame             Conj/Fire      0%         2d3       100%        4


Dungeon Overview and Level Annotations

Branches:
Dungeon (5/15)
 Temple: D:4-7

Altars:
Wu Jian

Shops:
D:3 [


Innate Abilities, Weirdness & Mutations

You have a pair of horns on your head.
You reflexively headbutt those who attack you in melee.


Message History

A wight comes into view.
It is wielding a +2 falchion of electrocution.
Your Armour skill increases to level 6!
The wight hits you with a +2 falchion of electrocution.
You feel drained.
Things that are here:
a +4 mace; a +0 robe The wight misses you.
Your skin stops crawling.
You feel less strong-willed. The wight completely misses you.
You hit the wight.
The wight suddenly seems more agile.
You headbutt the wight, but do no damage.
The wight is lightly damaged.
The wight barely misses you.
You closely miss the wight. Your headbutt misses the wight.
The wight is lightly damaged.
The wight hits you with a +2 falchion of electrocution. x2
You hit the wight.
The wight easily resists.
Your headbutt misses the wight.
The wight is moderately damaged.
The wight barely misses you.
You barely miss the wight.
The wight is moderately damaged.
The wight hits you but does no damage.
The wight hits you with a +2 falchion of electrocution.
You are electrocuted!
You barely miss the wight.
The wight is moderately damaged.
The wight hits you with a +2 falchion of electrocution.
You are electrocuted!
You barely miss the wight.
The wight is moderately damaged.
The wight barely misses you.
The wight hits you with a +2 falchion of electrocution!
* * * LOW HITPOINT WARNING * * *
You feel drained.
* * * LOW HITPOINT WARNING * * *
You feel better.
The wight hits you with a +2 falchion of electrocution!
* * * LOW HITPOINT WARNING * * *
You are electrocuted!
You die...

########.##....###.###......#
#.#####.# #.....######
#.#####.# ####### #......>#
#######.#### #.#.. . #)#.#
....##)#.#####
.......)z@....#
.....##.#.###.# #... #....#
... #...... ## ##...### ##.##
#.# #. #+


You could see a wight (agile).

Vanquished Creatures
  Grinder (D:3)
  Sigmund (D:3)
  A sky beast (D:4)
  An ogre (D:5)
  A phantom (D:4)
  A scorpion (D:5)
  A water moccasin zombie (D:5)
  A water moccasin skeleton (D:4)
  4 wights (D:5)
  2 centaur zombies
  A bullfrog zombie (D:5)
  Crazy Yiuf (D:2)
  An orc priest (D:4)
  A jelly (D:4)
  Jessica (D:2)
  3 iguanas
  An orc wizard (D:3)
  2 scorpion zombies (D:5)
  2 hound skeletons (D:4)
  Robin (D:3)
  3 adders
  An adder skeleton (D:5)
  5 worms
  3 dart slugs
  6 orcs
  8 ball pythons
  9 endoplasms
  2 giant cockroaches
  20 goblins
  16 hobgoblins
  8 jackals
  3 quokkas
  7 bats
  2 frilled lizards (D:1)
  A kobold (D:2)
  2 rats
124 creatures vanquished.

Vanquished Creatures (collateral kills)
  A hobgoblin (D:3)
1 creature vanquished.

Vanquished Creatures (others)
  A fungus (D:3)
1 creature vanquished.

Grand Total: 126 creatures vanquished

Notes
Turn   | Place    | Note
-------+----------+-------------------------------------------
     0 | D:1      | cbfl8 the Minotaur Berserker began the quest for the Orb.
     0 | D:1      | Reached XP level 1. HP: 19/19 MP: 0/0
   178 | D:1      | Reached XP level 2. HP: 22/27 MP: 1/1
   801 | D:1      | Reached XP level 3. HP: 26/33 MP: 2/2
  1137 | D:2      | Noticed Jessica
  1139 | D:2      | Killed Jessica
  1143 | D:2      | Reached ** piety under Trog
  1144 | D:2      | Reached XP level 4. HP: 41/41 MP: 3/3
  1387 | D:2      | Reached skill level 5 in Axes
  1817 | D:2      | Found a runed translucent door.
  1818 | D:2      | Noticed Crazy Yiuf
  2104 | D:2      | Killed Crazy Yiuf
  2105 | D:2      | Reached XP level 5. HP: 47/47 MP: 4/4
  2430 | D:3      | Noticed Grinder
  2436 | D:3      | Killed Grinder
  2437 | D:3      | Reached skill level 5 in Fighting
  2437 | D:3      | Reached skill level 1 in Stealth
  2437 | D:3      | Reached XP level 6. HP: 14/56 MP: 5/5
  2709 | D:3      | Found Hilois's Armour Emporium.
  2748 | D:3      | Noticed Robin
  2753 | D:3      | Killed Robin
  2756 | D:3      | Reached *** piety under Trog
  2857 | D:3      | Found a faded altar of an unknown god.
  2931 | D:3      | Noticed Sigmund
  2939 | D:3      | Killed Sigmund
  2940 | D:3      | Reached skill level 1 in Staves
  2940 | D:3      | Reached XP level 7. HP: 61/61 MP: 6/6
  3238 | D:3      | Found an ornate altar of the Wu Jian Council.
  3572 | D:3      | Got Plato's Reference Book on the Compass
  4270 | D:4      | Reached **** piety under Trog
  4387 | D:4      | Reached skill level 5 in Staves
  4387 | D:4      | Reached skill level 5 in Armour
  4387 | D:4      | Reached XP level 8. HP: 70/70 MP: 7/7
  4648 | D:5      | Entered Level 5 of the Dungeon
  5206 | D:5      | Slain by a wight

Illustrated notes

Levels and vault maps discovered:
D:1:      dpeg_arrival_triangle_fractal, layout_loops_cross
D:2:      minmay_diamond_boxcup, layout_loops_ring, minmay_quadrilaterals,
          uniq_jessica, uniq_crazy_yiuf_cottage
D:3:      layout_basic, pdpol_wu_jian_five_deadly_venoms,
          shapermc_ecumenical_altar_rom_forum, serial_shops, shop_fountains,
          uniq_sigmund, uniq_robin, uniq_grinder
D:4:      layout_cave_pods
D:5:      layout_loops_corners, gammafunk_ghost_split

Skill      XL: |  1  2  3  4  5  6  7  8 |
---------------+-------------------------+-----
Fighting       | 4 5 6 |  6.3
Axes           | 4 5 7 |  7.6
Armour         | 3 4 5 6 |  6.0
Stealth        | 1 |  1.2
Staves         | 1 5 7 |  7.1
Dodging        | 3 |  3.0

Action                   |  1- 3 |  4- 6 |  7- 9 || total
-------------------------+-------+-------+-------++-------
Melee: Hand axe          |    57 |    46 |       ||   103
       Headbutt          |     9 |    21 |    18 ||    48
       Quarterstaff      |       |    44 |   107 ||   151
Invok: Berserk           |       |     1 |     1 ||     2
       Trog's Hand       |       |       |     1 ||     1
  Use: Scroll            |       |       |     4 ||     4
       Potion            |       |       |     1 ||     1
 Stab: Paralysed         |       |       |     1 ||     1
Armor: Animal skin       |     5 |       |       ||     5
       Chain mail        |    13 |    40 |    55 ||   108
Dodge: Dodged            |    30 |    38 |    49 ||   117
